 Dungeon Crawl Stone Soup version 0.30.0-15-g856e2d3f33 (webtiles) character file.

Game seed: 12474810814626415103

54 Sobieck the Digger (level 3, 19/19 HPs)
             Began as a Gargoyle Earth Elementalist on May 18, 2023.
             Was an Initiate of Yredelemnul.
             Got out of the dungeon alive.
             The game lasted 00:03:36 (1760 turns).

Sobieck the Digger (Gargoyle Earth Elementalist)    Turns: 1760, Time: 00:03:37

Health: 19/19      AC:  5    Str: 11    XL:     3   Next: 91%
Magic:  6/6        EV: 11    Int: 17    God:    Yredelemnul [......]
Gold:   59         SH:  3    Dex: 10    Spells: 2/6 levels left

rFire   . . .        f - +0 dagger {short}
rCold   . . .        n - +0 buckler
rNeg    + . .        a - +0 robe
rPois   ∞            (no helmet)
rElec   +            (no cloak)
rCorr   .            (no gloves)
SInv    .            (no boots)
Will    .....        (no amulet)
Stlth   ++           (no ring)
HPRegen 0.23/turn    (no ring)
MPRegen 0.10/turn

%: no passive effects
@: no status effects
A: sickness immunity, AC +3, negative energy resistance 1, electricity
resistance, torment resistance 1, petrification resistance
a: Renounce Religion, Recall Undead Harvest


You escaped.
You worshipped Yredelemnul.
Yredelemnul was noncommittal.
You visited 1 branch of the dungeon, and saw 2 of its levels.

You collected 59 gold pieces.


Innate Abilities, Weirdness & Mutations

You are immune to sickness and miasma.
Your stone body is resilient. (AC +3)
You are immune to poison.
You resist negative energy. (rN+)
You are resistant to electric shocks. (rElec)
You are resistant to unholy torment.
You are immune to petrification.


   Skills:
 - Level 1.5 Dodging
 - Level 2.1 Stealth
 + Level 1.8 Shields
 - Level 2.0 Spellcasting
 - Level 0.7 Transmutations
 + Level 5.1 Earth Magic


You had 2 spell levels left.
You knew the following spells:

 Your Spells              Type           Power      Damage    Failure   Level
a - Sandblast             Erth           38%        2d10      3%          1
b - Stone Arrow           Conj/Erth      20%        3d8       30%         3

Your spell library contained the following spells:

 Spells                   Type           Power      Damage    Failure   Level
 Passwall                 Tmut/Erth      9%         N/A       13%         2
 Ignite Poison            Fire/Tmut/Pois 2%         N/A       61%         3
 Petrify                  Tmut/Erth      11%        N/A       63%         4
 Freezing Cloud           Conj/Ice/Air   0%         6-21      100%        5
 Cigotuvi's Dreadful Rot  Necr/Pois/Air  Unusable   N/A       N/A         2

Inventory:

Hand Weapons
 f - a +0 dagger (weapon) {short}
   (You took it off a goblin on level 1 of the Dungeon)
 h - a +0 club {mace}
   (You took it off a goblin on level 1 of the Dungeon)
 i - a +0 short sword {short}
   (You found it on level 1 of the Dungeon)
 j - a +0 whip {mace}
   (You took it off a kobold on level 1 of the Dungeon)
 o - a +0 short sword {short}
   (You found it on level 1 of the Dungeon)
 p - a +0 whip {mace}
   (You took it off a kobold on level 1 of the Dungeon)
 q - a +0 dagger {short}
   (You took it off a kobold on level 1 of the Dungeon)
 r - a +0 spear {polearm}
   (You found it on level 1 of the Dungeon)
 t - a +0 dagger {short}
   (You took it off a kobold on level 1 of the Dungeon)
Missiles
 k - 20 stones {throwing}
 s - 6 boomerangs {throwing}
Armour
 a - a +0 robe (worn)
 l - a +0 leather armour
   (You found it on level 1 of the Dungeon)
 n - a +0 buckler (worn)
   (You found it on level 1 of the Dungeon)
 u - a +0 leather armour
   (You found it on level 1 of the Dungeon)
Scrolls
 c - a scroll of noise {unknown}
 d - a scroll of fear {unknown}
 e - 2 scrolls of enchant armour {unknown}
 g - a scroll of silence {unknown}
 m - 3 scrolls of vulnerability {unknown}
Potions
 b - a potion of magic
 v - a potion of curing {unknown}
 w - a potion of ambrosia {unknown}
 x - a potion of mutation {unknown}

Dungeon Overview and Level Annotations

Branches:
Dungeon (2/15) Zot: 10205

Altars:
Yredelemnul

#...................##
##############...#....
#§§≈≈≈≈### #...#....
≈≈≈≈≈≈≈≈≈###...#....
≈≈≈≈#≈§≈≈≈###.##....
≈≈≈≈≈≈≈≈§###.##....
≈≈§≈≈≈#≈≈##.##....
####≈≈≈≈≈##.##....
#@.......§..######
#>.....§§'..#
####≈≈≈§≈#..#
§≈§≈≈#§§#.#####
≈§§§≈≈≈≈##.'.§§#
≈≈#§≈≈≈≈#####§§##
≈§≈§§≈≈≈## ###.≈≈##
≈§≈§≈§### #.'..§'.
######################
#.#####.


There were no monsters in sight!


Message History

You can't see any susceptible monsters within range! (Use Z to cast anyway.) Unknown command.
An adder comes into view.
Danger!
The blast of sand hits the rat!
You kill the rat!
The adder hisses angrily.
You can't see any susceptible monsters within range! (Use Z to cast anyway.) Unknown command.
The blast of sand hits the adder!
The blast of sand hits the adder.
You kill the adder!
w - a coppery potion You see here an adder corpse.
Found a faded altar of an unknown god.
Unknown command.
You see here an adder corpse.
An endoplasm comes into view.
Danger!
The endoplasm quivers.
Unknown command.
The blast of sand hits the endoplasm!
You kill the endoplasm!
Unknown command.
A giant cockroach comes into view.
Danger!
A ball python comes into view.
The ball python hisses angrily.
Unknown command.
The blast of sand hits the ball python!
You kill the ball python!
The blast of sand misses the giant cockroach.
The giant cockroach bites you but does no damage.
The blast of sand hits the giant cockroach!
You kill the giant cockroach!
Unknown command.
You see here a giant cockroach corpse.
You hit the plant.
The plant begins to die.
Unknown command.
There is a faded altar of an unknown god here.
This altar belongs to (a) Ru, (b) Yredelemnul or (c) Sif Muna, but you can't tell which.
Press the corresponding letter to learn more about a god, or press enter to convert or escape to cancel.
Yredelemnul accepts your prayer! Yredelemnul welcomes you!
You can now reap souls.
You can now recall your undead harvest.
Unknown command.
Press < or > to pray at altars.
Unknown command.
Press < or > to pray at altars.
Unknown command.
Press < or > to pray at altars.
Your adder zombie bites the plant.
The plant begins to die.
Your adder zombie bites the plant.
Your giant cockroach zombie bites the fungus.
The fungus begins to die.
Your adder zombie bites the plant.
Your giant cockroach zombie bites the fungus.
Your adder zombie bites the plant.
Your giant cockroach zombie bites the fungus.
A nearby plant withers and dies.
Your giant cockroach zombie bites the fungus.
You swap places.
A nearby fungus withers and dies.
Your adder zombie bites the plant.
The plant begins to die.
You see here an adder corpse.
Something bites the plant. x2; Something grabs the plant.
The plant is constricted.
You now have 45 gold pieces (gained 4).
You swap places.
You swap places.
Found a stone staircase leading down.
Unknown command.
You swap places.
A rat comes into view.
Danger!
Unknown command.
Unknown command.
Unknown command.
The blast of sand hits the rat!
You kill the rat!
Unknown command.
You swap places.
Found a stone staircase leading up.
x - a green potion You swap places.
You swap places.
You swap places.
You now have 59 gold pieces (gained 14).
There is a stone staircase leading up here.
You climb upwards.
Your mindless puppet stays behind to rot.
There is a stone staircase leading down here.
There is an open door here.
You open the door.
There is an open door here.
There is a large open door here.
There is a staircase leading out of the dungeon here.
Are you sure you want to leave the Dungeon?
This will make you lose the game!
Alright, then stay!
Unknown command.
Are you sure you want to leave the Dungeon?
This will make you lose the game!
You have escaped!

Skill      XL: |  1  2  3 |
---------------+----------+-----
Earth Magic    | 4 5 |  5.1
Shields        | 1 |  1.8
Dodging        | |  1.5
Stealth        | |  2.1
Spellcasting   | |  2.0
Transmutations | |  0.7

Action                     || total
---------------------------++-------
  Melee: Dagger            ||    26
   Cast: Sandblast         ||    48
 Armour: Robe              ||    15
  Dodge: Dodged            ||    27
  Block: Buckler           ||     4

Levels and vault maps discovered:
D:1:      lightli_molten_gateway, layout_basic, kennysheep_nondescript,
          chequers_big_river
D:2:      layout_basic, shapermc_ecumenical_altar_mp_urbaneastern, fountainhead,
          uniq_robin

Notes
Turn   | Place    | Note
-------+----------+-------------------------------------------
     0 | D:1      | Sobieck the Gargoyle Earth Elementalist began the quest for
                  | the Orb.
     0 | D:1      | Reached XP level 1. HP: 10/10 MP: 3/3
   172 | D:1      | Reached skill level 4 in Earth Magic
   237 | D:1      | You add the spells Ignite Poison and Freezing Cloud to your
                  | library.
   269 | D:1      | Reached XP level 2. HP: 13/15 MP: 0/5
   869 | D:1      | Reached skill level 1 in Shields
   869 | D:1      | Reached XP level 3. HP: 19/19 MP: 2/6
  1472 | D:2      | Reached skill level 5 in Earth Magic
  1500 | D:2      | Learned a level 3 spell: Stone Arrow
  1546 | D:2      | Found a faded altar of an unknown god.
  1600 | D:2      | Prayed at the altar of an unknown god.
  1600 | D:2      | Became a worshipper of Yredelemnul the Dark
  1600 | D:2      | Reached * piety under Yredelemnul
  1760 | D:$      | Got out of the dungeon alive.

Vanquished Creatures
  2 adders (D:2)
  A dart slug (D:1)
  A ball python (D:2)
  A bat (D:1)
  3 endoplasms
  2 giant cockroaches
  2 goblins (D:1)
  2 hobgoblins (D:1)
  4 jackals (D:1)
  7 kobolds
  A quokka (D:1)
  A frilled lizard (D:1)
  5 rats
32 creatures vanquished.

Table legend:
 A = Non-vault XP
 B = Vault XP
 C = Vault XP percentage of total XP
 D = Non-vault monster count
 E = Vault monster count
 F = Vault count percentage of total count
                 A         B        C        D         E       F
            +---------+---------+-------+---------+---------+-------
      Total |      78 |       0 |   0.0 |      32 |       0 |   0.0
            +---------+---------+-------+---------+---------+-------
        D:1 |      41 |       0 |   0.0 |      23 |       0 |   0.0
        D:2 |      37 |       0 |   0.0 |       9 |       0 |   0.0
            +---------+---------+-------+---------+---------+-------

Skill      XL: |  1  2  3 |
---------------+----------+-----
Earth Magic    | 4 5 |  5.1
Shields        | 1 |  1.8
Dodging        | |  1.5
Stealth        | |  2.1
Spellcasting   | |  2.0
Transmutations | |  0.7

Action                     || total
---------------------------++-------
  Melee: Dagger            ||    26
   Cast: Sandblast         ||    48
 Armour: Robe              ||    15
  Dodge: Dodged            ||    27
  Block: Buckler           ||     4

Illustrated notes

Table legend:
 A = Kills in this place as a percentage of kills in the entire game.
 B = Kills by you in this place as a percentage of kills by you in the entire game.
 C = Kills by friends in this place as a percentage of kills by friends in the entire game.
 D = Other kills in this place as a percentage of other kills in the entire game.
 E = Experience gained in this place as a percentage of experience gained in the entire game.
 F = Experience gained in this place divided by the number of levels of this place that you have seen.
                   A       B       C       D       E      F
               +-------+-------+-------+-------+-------+----------------------
         Total | 100.0 | 100.0 |   N/A |   N/A | 100.0 |  39.0
       Dungeon | 100.0 | 100.0 |   N/A |   N/A | 100.0 |  39.0
               +-------+-------+-------+-------+-------+----------------------

Table legend: (Time is in decaauts)
 A = Elapsed time spent in this place.
 B = Non-inter-level travel time spent in this place.
 C = Inter-level travel time spent in this place.
 D = Time resting spent in this place.
 E = Time spent auto-exploring this place.
 F = Levels seen in this place.
 G = Mean time per level.
                   A        B        C        D        E       F      G
               +--------+--------+--------+--------+--------+-----+--------+
         Total |   1795 |   1710 |     85 |     27 |   1389 |   2 |  897.5 |
       Dungeon |   1795 |   1710 |     85 |     27 |   1389 |   2 |  897.5 |
               +--------+--------+--------+--------+--------+-----+--------+

Top non-repeatable levels by time:
     D:1: 1493 daAuts
     D:2: 301 daAuts
